 Dungeon Crawl Stone Soup version 0.30.1-11-g7821555f0a (webtiles) character file.

Game seed: 11933867843588972553

3010 booth the Cleaver (level 9, -4/75 HPs)
             Began as a Demonspawn Monk on Dec 24, 2023.
             Slain by an orc warlord
             ... wielding a +3 broad axe
              (29 damage)
             ... in a bailey.
             The game lasted 00:45:35 (7314 turns).

booth the Cleaver (Demonspawn Monk)                 Turns: 7314, Time: 00:45:36

Health: -4/75      AC: 12    Str: 16    XL:     9   Next: 55%
Magic:  0/9        EV: 12    Int: 12    God:
Gold:   274        SH:  0    Dex: 21    Spells: 8/8 levels left

rFire   . . .        w - +1 war axe
rCold   . . .        (no shield)
rNeg    . . .        f - +0 ring mail
rPois   .            y - +2 hat
rElec   .            (no cloak)
rCorr   .            n - +2 pair of gloves
SInv    .            (no boots)
Will    .....        r - amulet of guardian spirit
Stlth   +            u - +6 ring of dexterity
HPRegen 0.32/turn    (no ring)
MPRegen 0.11/turn

%: random rage (3%), guardian spirit
@: no status effects
A: hooves 2, rugged brown scales 2, spiny 1, demonic magic 2, berserk 1
a: no special abilities


You were in a bailey.
You visited 2 branches of the dungeon, and saw 8 of its levels.
You also visited: Bailey.

You collected 274 gold pieces.

Inventory:

Hand Weapons
 a - a +0 hand axe
 c - a +2 hammer of draining
 w - a +1 war axe (weapon)
 A - a +0 battleaxe
Missiles
 g - 16 poisoned darts
 s - 16 boomerangs (quivered)
 t - 6 curare-tipped darts
Armour
 d - an orb of light
 f - a +0 ring mail (worn)
 l - a +2 scale mail of willpower
 n - a +2 pair of gloves (worn)
 x - a +0 chain mail
 y - a +2 hat (worn)
Jewellery
 j - a ring of fire
 r - an amulet of guardian spirit (around neck)
 u - a +6 ring of dexterity (left hand)
Wands
 b - a wand of flame (23)
 v - a wand of iceblast (5)
Scrolls
 o - 2 scrolls of teleportation
 p - 2 scrolls of poison
Potions
 i - 6 potions of curing
 k - a potion of flight
 m - a potion of resistance
 q - a potion of brilliance
 z - a potion of invisibility


   Skills:
 + Level 7.4 Fighting
 * Level 9.3 Axes
 + Level 5.4 Throwing
 - Level 2.9 Dodging


You had 8 spell levels left.
You didn't know any spells.
Your spell library contained the following spells:

 Spells                   Type           Power      Damage    Failure   Level
 Ensorcelled Hibernation  Hex/Ice        0%         N/A       67%         2
 Portal Projectile        Hex/Tloc       0%         N/A       88%         3
 Spider Form              Tmut/Pois      0%         N/A       88%         3
 Tukima's Dance           Hex            0%         N/A       88%         3
 Anguish                  Hex/Necr       0%         N/A       99%         4
 Blade Hands              Tmut           0%         N/A       100%        5


Dungeon Overview and Level Annotations

Branches:
Dungeon (7/15)             Temple (1/1) D:4          Bailey (1/1)

Altars:
Ashenzari
Cheibriados
Dithmenos
Fedhas
Gozag
Hepliaklqana
Kikubaaqudgha
Nemelex Xobeh
Okawaru
Qazlal
Ru
Sif Muna
Uskayaw
Vehumet
Wu Jian
Xom
Yredelemnul

Shops:
D:5 =

Annotations:
D:2 1 runed translucent door, Crazy Yiuf


Innate Abilities, Weirdness & Mutations

You have hoof-like feet.
You are mostly covered in rugged brown scales. (AC +2, +5% HP)
You are partially covered in sharp spines.
Spells you cast may paralyse nearby enemies.
You sometimes lose your temper in combat.


Message History

You feel sick. The orc is struck by your spines.
You kill the orc!
An orc comes into view. It is wielding a +0 hand axe.
Throw: 16 boomerangs
Press: ? - help, Q - select action, (/) - cycle Shift-Dir - straight line, f/p - orc warlord
Aim: an orc warlord, wielding a +3 broad axe and wearing a +0 plate armour (lightly wounded, 76% to hit)
You throw a boomerang.
The boomerang barely misses the orc warlord.
The boomerang hits the orc!
You kill the orc!
You feel sick.
You hit the orc warlord but do no damage.
Your kick misses the orc warlord.
The orc warlord is lightly wounded.
You feel sick.
An orc comes into view. It is wielding a +0 war axe.
The orc warlord completely misses you.
You hit the orc warlord but do no damage.
The orc warlord is lightly wounded.
You feel sick.
You hit the orc warlord.
The orc warlord is lightly wounded.
You feel sick.
The orc warlord hits you with a +3 broad axe!!
You hit the orc warlord but do no damage.
You kick the orc warlord, but do no damage.
The orc warlord is lightly wounded.
You slash the orc!
You kill the orc!
You feel sick.
You are no longer poisoned.
The orc warlord is struck by your spines.
The orc warlord hits you with a +3 broad axe!!
* * * LOW HITPOINT WARNING * * *
You feel much better.
The orc warlord hits you with a +3 broad axe!
As you read the scroll of summoning, it crumbles to dust.
Wisps of shadow whirl around you...
The orc warlord hits you with a +3 broad axe!!
You die...

.### ...## ..
##.........# ....#
..##8.......... ....#
..#8.......... ....#
.'.....⌠....∩ ....#
#8.......... ....#
#8.........? ...###
###.........# .###.###
###@###)....# '#.....###
###.oo).#'#.###
.........###..o.o..).###
..........#...........#
.........)#...oo......#
....⌠...))#....o⌠o....#
..........)...).......#
..........#...........#
.........###.........##


You could see an orc warlord (ally target), 2 friendly orc warriors, a friendly
orc priest (summoned) and 4 friendly orcs.

Vanquished Creatures
  An orc knight (Bailey)
  Prince Ribbit (D:5)
  A water moccasin (D:5)
  10 orc warriors
  A black bear (D:7)
  2 ice beasts (D:6)
  An ogre (D:7)
  A kobold brigand (D:7)
  2 scorpions
  3 hounds
  5 orc priests
  Terence (D:2)
  An iguana (D:4)
  An orc wizard (D:6)
  8 adders
  10 gnolls
  A shadow imp (D:4)
  A white imp (D:5)
  An ufetubus (D:5)
  4 worms
  3 dart slugs
  22 orcs
  5 ball pythons
  6 endoplasms
  5 giant cockroaches
  14 hobgoblins
  6 jackals
  11 kobolds
  7 quokkas
  4 bats
  2 frilled lizards
  15 goblins
  9 rats
165 creatures vanquished.

Vanquished Creatures (collateral kills)
  An orc warrior (D:6)
  An orc wizard (D:6)
2 creatures vanquished.

Grand Total: 167 creatures vanquished

Notes
Turn   | Place    | Note
-------+----------+-------------------------------------------
     0 | D:1      | booth the Demonspawn Monk began the quest for the Orb.
     0 | D:1      | Reached XP level 1. HP: 18/18 MP: 1/1
   257 | D:1      | Gained mutation: You are partially covered in rugged brown
                  | scales. (AC +1, +3% HP) [demonic ancestry]
   257 | D:1      | Reached XP level 2. HP: 18/24 MP: 2/2
   302 | D:1      | Reached skill level 3 in Axes
   716 | D:1      | Found a faded altar of an unknown god.
  1163 | D:2      | Gained mutation: You are mostly covered in rugged brown
                  | scales. (AC +2, +5% HP) [demonic ancestry]
  1163 | D:2      | Reached XP level 3. HP: 17/30 MP: 3/3
  1291 | D:2      | Noticed Terence
  1310 | D:2      | Gained mutation: You are clumsy. (Dex -2) [potion of
                  | mutation]
  1322 | D:2      | Killed Terence
  1323 | D:2      | Gained mutation: Spells you cast may paralyse adjacent
                  | enemies. [demonic ancestry]
  1323 | D:2      | Reached XP level 4. HP: 32/38 MP: 4/4
  1423 | D:2      | Found a runed translucent door.
  1424 | D:2      | Noticed Crazy Yiuf
  1583 | D:2      | Reached skill level 4 in Axes
  2456 | D:3      | Gained mutation: You have large cloven feet. [demonic
                  | ancestry]
  2456 | D:3      | Reached XP level 5. HP: 44/44 MP: 5/5
  2681 | D:3      | Lost mutation: You are clumsy. (Dex -2) [potion of
                  | mutation]
  2681 | D:3      | Gained mutation: You occasionally shout uncontrollably at
                  | your foes. [potion of mutation]
  2681 | D:3      | Gained mutation: Your flesh is heat resistant. (rF+)
                  | [potion of mutation]
  2763 | D:3      | You fall into a shaft and drop 1 floor!
  3508 | D:4      | Found a staircase to the Ecumenical Temple.
  3516 | Temple   | Entered the Ecumenical Temple
  3623 | D:4      | Reached skill level 5 in Axes
  3939 | D:4      | Reached skill level 1 in Throwing
  4010 | D:5      | Entered Level 5 of the Dungeon
  4027 | D:5      | Reached XP level 6. HP: 50/51 MP: 6/6
  4229 | D:5      | Noticed Prince Ribbit
  4381 | D:5      | Killed Prince Ribbit
  4520 | D:5      | Gained mutation: Spells you cast may paralyse nearby
                  | enemies. [demonic ancestry]
  4520 | D:5      | Reached XP level 7. HP: 12/57 MP: 4/7
  4756 | D:5      | Found Moqucir's Jewellery Shoppe.
  5042 | D:5      | Reached skill level 5 in Fighting
  5042 | D:5      | Reached skill level 6 in Axes
  5880 | D:6      | Found a hide-covered altar of Uskayaw.
  5880 | D:6      | Found a shimmering blue altar of Sif Muna.
  5889 | D:6      | Found a radiant altar of Vehumet.
  5892 | D:6      | Found an opulent altar of Gozag.
  5894 | D:6      | Found an ancient bone altar of Kikubaaqudgha.
  6207 | D:6      | Lost mutation: Your flesh is heat resistant. (rF+) [potion
                  | of mutation]
  6207 | D:6      | Lost mutation: You occasionally shout uncontrollably at
                  | your foes. [potion of mutation]
  6207 | D:6      | Gained mutation: You sometimes lose your temper in combat.
                  | [potion of mutation]
  6207 | D:6      | Gained mutation: You have hoof-like feet. [potion of
                  | mutation]
  6232 | D:6      | Gained mutation: You are partially covered in sharp spines.
                  | [demonic ancestry]
  6232 | D:6      | Reached XP level 8. HP: 49/67 MP: 6/8
  6317 | D:6      | Found a blossoming altar of Fedhas.
  6326 | D:6      | Reached skill level 7 in Axes
  6655 | D:7      | Found a flagged portal.
  6714 | Bailey   | Entered a bailey
  6751 | Bailey   | Reached skill level 8 in Axes
  6973 | Bailey   | Reached XP level 9. HP: 70/74 MP: 9/9
  7239 | Bailey   | Noticed an orc knight
  7241 | Bailey   | Reached skill level 5 in Throwing
  7249 | Bailey   | Killed an orc knight
  7250 | Bailey   | Reached skill level 9 in Axes
  7304 | Bailey   | Noticed an orc warlord
  7314 | Bailey   | Slain by an orc warlord

Illustrated notes

Levels and vault maps discovered:
D:1:      nzn_arrival_settlement, layout_loops_corners,
          hellmonk_ecumenical_altar_inner_sanctum
D:2:      layout_basic, st_stairs_10, minmay_misc_feat_pillars,
          uniq_crazy_yiuf_cottage, uniq_terence
D:3:      layout_rooms, minivault_19
D:4:      layout_basic, minmay_temple_entry_slanted, minmay_misc_feat_roman
D:5:      layout_basic, serial_shops, shop, nicolae_hexahallways, minmay_holes,
          lightli_corner_chamber, uniq_prince_ribbit1
D:6:      layout_rooms, fedhas_altar_2, chequers_temple_overflow_minitemple,
          lightli_minifort
D:7:      layout_basic, trog_three_pillars_becter, enter_bailey_5,
          kennysheep_small_circle
Temple:   nicolae_temple_superstar
Bailey:   bailey_axe_minmay_hex_keep, bailey

Skill      XL: |  1  2  3  4  5  6  7  8  9 |
---------------+----------------------------+-----
Axes           | 3 4 5 6 8 9 |  9.3
Fighting       | 4 5 6 7 |  7.4
Throwing       | 1 2 3 4 5 |  5.4
Dodging        | |  2.9

Action                     |  1- 3 |  4- 6 |  7- 9 || total
---------------------------+-------+-------+-------++-------
  Melee: Hand axe          |   115 |   229 |    56 ||   400
         Kick              |       |    39 |    73 ||   112
         Punch             |       |     2 |       ||     2
         War axe           |       |       |   142 ||   142
  Throw: Dart              |       |     4 |       ||     4
         Boomerang         |       |     4 |    38 ||    42
    Use: Scroll            |     3 |     4 |    10 ||    17
         Potion            |     3 |     4 |     3 ||    10
 Armour: Robe              |    24 |    40 |       ||    64
         Ring mail         |       |    17 |    78 ||    95
  Dodge: Dodged            |    76 |   150 |   127 ||   353
